[Event "Titled Tuesday Blitz March 15 Early 2022"]
[White "Van den Dikkenberg, Erik"]
[Black "Hernandez Jimenez, Alexander Andres"]
[WhiteFideId "1005880"]
[BlackFideId "3900452"]
[WhiteElo "2118"]
[BlackElo "2082"]
[Result "0-1"]
[Round "07"]
[TimeControl "180+1"]
[Date "2022.03.15"]
[WhiteClock "0:00:15"]
[BlackClock "0:00:05"]

1. e4 c5 2. Nc3 d6 3. f4 Nc6 4. Nf3 g6 5. Bb5 Bd7 6. Bxc6 Bxc6 7. d3 Bg7 8. O-O e6 9. Qe1 Ne7 10. Qg3 f5 11. Ng5 Qd7 12. exf5 Nxf5 13. Qh3 O-O-O 14. Bd2 h6 15. Nf3 Rde8 16. Rae1 Kb8 17. Qg4 Qf7 18. Ne4 Bxe4 19. dxe4 Nd4 20. Nxd4 Bxd4+ 21. Kh1 Bxb2 22. c3 Ba3 23. Rb1 c4 24. Qe2 Qc7 25. Be3 Bc5 26. Rfd1 Bxe3 27. Qxe3 d5 28. Rb4 Rhf8 29. e5 b6 30. Rdb1 Ka8 31. a4 Qc5 32. Qg3 g5 33. fxg5 hxg5 34. Qxg5 Qf2 35. Qc1 Rh8 36. Qg1 Qf4 37. h3 Reg8 38. Qh2 Qe3 39. a5 Rb8 40. axb6 Rxb6 41. Rxb6 axb6 42. Qg1 Qxg1+ 43. Kxg1 Kb7 44. Kf2 Kc6 45. Kf3 b5 46. Kg4 Rg8+ 47. Kf3 Kc5 48. g4 d4 49. cxd4+ Kxd4 50. Rxb5 c3 51. Ke2 Rc8 52. Rb1 c2 53. Rc1 Kc3 54. h4 Kb2 55. Rxc2+ Rxc2+ 56. Kf3 Kc3 57. Kf4 Kd4 58. h5 Rf2+ 59. Kg5 Kxe5 60. h6 Rh2 61. Kg6 Kf4 62. g5 e5 63. h7 Rxh7 64. Kxh7 Kxg5 65. Kg7 e4 66. Kf7 e3 67. Kg7 e2 68. Kf7 e1=Q 69. Kg7 Qe7+ 70. Kg8 Kg6 71. Kh8 Qg7# 0-1


[Site "https://www.chess.com"]

[Event "Titled Tuesday Blitz March 15 Early 2022"]
[White "Vokarev, Sergey"]
[Black "Sanchez, Robert"]
[WhiteFideId "4119711"]
[BlackFideId "2034360"]
[WhiteElo "2398"]
[BlackElo "2306"]
[Result "0-1"]
[Round "07"]
[TimeControl "180+1"]
[Date "2022.03.15"]
[WhiteClock "0:00:15"]
[BlackClock "0:01:05"]

1. e4 e6 2. d4 d5 3. exd5 exd5 4. Nf3 Nf6 5. Bd3 c5 6. O-O Be7 7. dxc5 O-O 8. Re1 Bxc5 9. Be3 Bxe3 10. Rxe3 Qb6 11. b3 Nc6 12. h3 h6 13. Nc3 d4 14. Na4 Qb4 15. Re1 b5 16. a3 Qa5 17. Nc5 Qc3 18. Ne4 Nxe4 19. Bxe4 Bb7 20. Qd3 Qc5 21. b4 Qb6 22. Nxd4 Nxd4 23. Bxb7 Rad8 24. Be4 Qf6 25. Rad1 Ne6 26. Qf3 Qb2 27. Rxd8 Rxd8 28. h4 Nd4 29. Qd3 Ne6 30. Qxb5 Qxa3 31. Qc4 Rd4 32. Qc8+ Rd8 33. Qb7 Qc3 34. Bd3 Qxe1+ 35. Kh2 Qxf2 0-1


[Site "https://www.chess.com"]

[Event "Titled Tuesday Blitz March 15 Early 2022"]
[White "Weetik, Vjacheslav"]
[Black "Pourkashiyan, Atousa"]
[WhiteFideId "4153472"]
[BlackFideId "12502014"]
[WhiteElo "2469"]
[BlackElo "2247"]
[Result "0-1"]
[Round "07"]
[TimeControl "180+1"]
[Date "2022.03.15"]
[WhiteClock "0:00:07"]
[BlackClock "0:00:05"]

1. d4 Nf6 2. Bf4 d5 3. e3 c5 4. c3 Nc6 5. Nd2 Bf5 6. Ngf3 e6 7. Nh4 Bd6 8. Nxf5 exf5 9. Bxd6 Qxd6 10. dxc5 Qxc5 11. Nb3 Qb6 12. Be2 O-O 13. O-O Rad8 14. Qc2 g6 15. Rad1 Ne5 16. h3 Rfe8 17. Nd4 Nc4 18. Qb3 Nxb2 19. Rb1 Nc4 20. Bxc4 dxc4 21. Qxc4 Qa6 22. Qxa6 bxa6 23. Rb7 Rd7 24. Rfb1 Rc8 25. Rxd7 Nxd7 26. Rb7 Ne5 27. Rxa7 Rxc3 28. Rxa6 Nd3 29. Rc6 Ra3 30. Rc2 Nb4 31. Rc8+ Kg7 32. Rc7 Rxa2 33. Ne6+ Kf6 34. Nd8 g5 35. Rxf7+ Kg6 36. Rd7 Ra1+ 37. Kh2 Ra2 38. Kg3 Ra3 39. Kh2 Ra6 40. g4 fxg4 41. hxg4 Nc2 42. Nf7 Rf6 43. Ne5+ Kh6 44. Kg3 Ne1 45. f4 Nc2 46. Nf7+ Kg6 47. f5+ Kg7 48. Nxg5+ Kg8 49. e4 Rb6 50. e5 Rb3+ 51. Kf4 Rb4+ 52. Kg3 Rb3+ 53. Kh4 Ne1 54. Ne6 Nf3+ 55. Kh5 Rb1 56. g5 Rh1+ 57. Kg4 Nxe5+ 58. Kg3 Nxd7 59. Kg2 Rh5 60. Kg3 Rh1 61. Kg4 Ra1 62. Kf4 Nf8 63. Nd4 Ra4 64. Ke5 Nd7+ 65. Kd5 Nb6+ 66. Ke5 Nd7+ 67. Kd5 Ra5+ 68. Ke6 Nc5+ 69. Ke7 Ra7+ 70. Kd6 Ne4+ 71. Ke5 Nxg5 72. Kf6 Ne4+ 73. Ke5 Nc5 74. Kd5 Nd3 75. Ke4 Nb4 76. Ke5 h5 77. f6 h4 78. Nf5 h3 79. Nh6+ Kh7 80. f7 Ra8 81. Ng4 Kg6 82. Ke6 Nd3 83. Ke7 Ra7+ 84. Ke6 Rxf7 0-1


[Site "https://www.chess.com"]

[Event "Titled Tuesday Blitz March 15 Early 2022"]
[White "Weishaeutel, Moritz"]
[Black "Fathy, Elameir"]
[WhiteFideId "12967300"]
[BlackFideId "10600396"]
[WhiteElo "2002"]
[BlackElo "2311"]
[Result "1/2-1/2"]
[Round "07"]
[TimeControl "180+1"]
[Date "2022.03.15"]
[WhiteClock "0:00:07"]
[BlackClock "0:00:06"]

1. e4 c6 2. d3 d5 3. Nd2 e5 4. Ngf3 Bd6 5. d4 exd4 6. exd5 Nf6 7. dxc6 Nxc6 8. Be2 O-O 9. O-O Bc7 10. Nb3 Re8 11. Nfxd4 Nxd4 12. Nxd4 Qd6 13. g3 Bh3 14. Bf4 Qc5 15. Bxc7 Bxf1 16. Bxf1 Qxc7 17. Bg2 Rad8 18. c3 Qb6 19. Qc2 Rc8 20. Nf5 g6 21. Ne3 Red8 22. b3 Kg7 23. c4 Qa5 24. Bxb7 Rd2 25. Qc1 Rc7 26. Bf3 Rxa2 27. Rxa2 Qxa2 28. Qc3 Qb1+ 29. Kg2 Rd7 30. Nd5 Qf5 31. Bg4 Qe4+ 32. Kg1 Rxd5 33. cxd5 Qxg4 34. f3 Qd7 35. g4 h6 36. h4 g5 37. hxg5 hxg5 38. Qe3 Qxd5 39. Kf2 a5 40. Qc3 Qd6 41. Qxa5 Qh2+ 42. Kf1 Qh3+ 43. Kf2 Qh2+ 44. Kf1 Qc2 45. Qxg5+ Qg6 46. Qxg6+ Kxg6 47. Ke2 Kg5 48. Ke3 Nd5+ 49. Ke4 Nc3+ 50. Ke5 f6+ 51. Kd4 Ne2+ 52. Ke3 Nc1 53. b4 Nb3 54. b5 Nc5 55. b6 Nb7 56. Ke4 Nd8 57. Kd5 Kf4 58. Kd6 Nb7+ 59. Kc7 Na5 60. Kd6 Kxf3 61. Ke6 Kxg4 62. Kxf6 Kf4 63. Ke6 Ke4 64. Kd6 Nc4+ 65. Kc5 Nxb6 1/2-1/2


[Site "https://www.chess.com"]

[Event "Titled Tuesday Blitz March 15 Early 2022"]
[White "Wong, Yinn Long"]
[Black "Demin, Vladimir"]
[WhiteFideId "5707684"]
[BlackFideId "4167457"]
[WhiteElo "2055"]
[BlackElo "2499"]
[Result "1-0"]
[Round "07"]
[TimeControl "180+1"]
[Date "2022.03.15"]
[WhiteClock "0:01:30"]
[BlackClock "0:01:23"]

1. e4 e5 2. Nf3 Nc6 3. Bc4 Nf6 4. d3 h6 5. c3 d6 6. O-O g5 7. Re1 Bg7 8. d4 O-O 9. dxe5 Nxe5 10. Nxe5 dxe5 11. Qc2 Qe7 12. b3 Rd8 13. Ba3 Qe8 14. Nd2 Be6 15. Rad1 Nh5 16. Bxe6 Qxe6 17. Nc4 Nf4 18. Ne3 c6 19. g3 Ng6 20. Qe2 Qh3 21. Nf5 b5 22. Bd6 Rac8 23. Rd3 Rd7 24. g4 1-0


[Site "https://www.chess.com"]

[Event "Titled Tuesday Blitz March 15 Early 2022"]
[White "Xie, Bryan"]
[Black "Manukyan, Artyom"]
[WhiteFideId "30941296"]
[BlackFideId "13305786"]
[WhiteElo "1899"]
[BlackElo "2034"]
[Result "1-0"]
[Round "07"]
[TimeControl "180+1"]
[Date "2022.03.15"]
[WhiteClock "0:00:02"]
[BlackClock "0:00:02"]

1. e4 e6 2. d4 d5 3. Nc3 Nf6 4. e5 Nfd7 5. f4 c5 6. Nf3 Nc6 7. Be3 a6 8. Qd2 b5 9. Qf2 b4 10. Ne2 c4 11. c3 a5 12. g4 a4 13. f5 Be7 14. Bh3 a3 15. bxa3 bxc3 16. Nf4 Nf8 17. Nh5 g6 18. Ng7+ Kd7 19. f6 Bxa3 20. Ng5 Qa5 21. Nxf7 Bb2 22. O-O Rg8 23. Nh6 Rh8 24. Nf7 Rg8 25. Rab1 Nd8 26. Nxd8 Qxd8 27. g5 Rxa2 28. Bc1 Qb6 29. Be3 Kc6 30. Qh4 c2 31. Rbe1 Bd7 32. Qh6 Bxd4 33. Bxd4 Qxd4+ 34. Kh1 c1=Q 35. Rxc1 Qe4+ 36. Bg2 Qe3 37. f7 Rh8 38. Rxc4+ Kb5 39. Rc7 Qe2 40. Rb1+ Ka6 41. Qh3 1-0


[Site "https://www.chess.com"]

[Event "Titled Tuesday Blitz March 15 Early 2022"]
[White "Xiong, Jeffery"]
[Black "Bryakin, Mikhail"]
[WhiteFideId "2047640"]
[BlackFideId "4165314"]
[WhiteElo "2727"]
[BlackElo "2417"]
[Result "1-0"]
[Round "07"]
[TimeControl "180+1"]
[Date "2022.03.15"]
[WhiteClock "0:00:47"]
[BlackClock "0:00:18"]

1. e4 e6 2. d4 d5 3. e5 c5 4. c3 Nc6 5. Nf3 Qb6 6. Be2 Bd7 7. O-O Nge7 8. Na3 Ng6 9. Nc2 Be7 10. g3 O-O 11. h4 f6 12. h5 Nh8 13. h6 fxe5 14. hxg7 Kxg7 15. dxe5 Ng6 16. Kg2 Ncxe5 17. Rh1 Kg8 18. Nxe5 Nxe5 19. Rh5 Ng6 20. Bd3 Be8 21. Rxh7 Kxh7 22. Qh5+ Kg8 23. Bxg6 Rf7 24. Bf4 Bf6 25. Rh1 Kf8 26. Ne3 Ke7 27. Re1 Qc6 28. Nf5+ Kf8 29. Bd6+ Kg8 30. Nh6+ Kg7 31. Nxf7 1-0


[Site "https://www.chess.com"]

[Event "Titled Tuesday Blitz March 15 Early 2022"]
[White "Zheenbekov, Nurgazy"]
[Black "Winkels, Marcel"]
[WhiteFideId "13800485"]
[BlackFideId "1003887"]
[WhiteElo "1959"]
[BlackElo "1900"]
[Result "1/2-1/2"]
[Round "07"]
[TimeControl "180+1"]
[Date "2022.03.15"]
[WhiteClock "0:00:23"]
[BlackClock "0:00:07"]

1. e4 c5 2. Nf3 d6 3. Bb5+ Nd7 4. O-O a6 5. Be2 Ngf6 6. d3 g6 7. c3 Bg7 8. Re1 O-O 9. Bf1 b5 10. a4 Bb7 11. g3 Qc7 12. Bg2 Bc6 13. a5 b4 14. Nbd2 bxc3 15. bxc3 Rab8 16. d4 cxd4 17. cxd4 Rfc8 18. Ba3 Ba8 19. Qe2 e5 20. dxe5 Nxe5 21. Nxe5 dxe5 22. Qxa6 Qd7 23. Nc4 Qd3 24. Bf1 Qd4 25. Nb6 Rd8 26. Be7 Re8 27. Rad1 Qc3 28. Bxf6 Bxf6 29. Nd7 Bg5 30. Nxb8 Rxb8 31. Qa7 Qb2 32. a6 Rc8 33. Rb1 Qc3 34. Rb8 Rxb8 35. Qxb8+ Kg7 36. Qxa8 Qxe1 37. a7 Be3 38. fxe3 Qxe3+ 39. Kg2 Qd2+ 40. Kf3 Qc3+ 41. Kg2 Qd2+ 42. Kh1 Qf2 43. Bc4 Qf3+ 44. Kg1 Qe3+ 45. Kf1 Qc1+ 46. Kf2 Qxc4 47. Qb8 Qc2+ 48. Ke3 Qc3+ 49. Ke2 Qc2+ 50. Kf3 Qd3+ 51. Kf2 Qd2+ 52. Kf3 Qd3+ 53. Kf2 Qd2+ 54. Kf1 Qd1+ 55. Kf2 Qd2+ 1/2-1/2


[Site "https://www.chess.com"]

[Event "Titled Tuesday Blitz March 15 Early 2022"]
[White "Zhigalko, Sergei"]
[Black "Kosteniuk, Alexandra"]
[WhiteFideId "13502956"]
[BlackFideId "4128125"]
[WhiteElo "2662"]
[BlackElo "2469"]
[Result "1/2-1/2"]
[Round "07"]
[TimeControl "180+1"]
[Date "2022.03.15"]
[WhiteClock "0:00:09"]
[BlackClock "0:00:38"]

1. e4 e5 2. Nf3 Nc6 3. Bb5 a6 4. Ba4 Nf6 5. O-O Be7 6. Re1 b5 7. Bb3 O-O 8. a4 b4 9. d3 d6 10. Nbd2 Be6 11. Bc4 Nd7 12. b3 Nc5 13. Bb2 Qd7 14. d4 exd4 15. Nxd4 Bf6 16. Nxe6 fxe6 17. Bxf6 Rxf6 18. Nf3 Raf8 19. Re3 Kh8 20. Qd2 h6 21. Rd1 Qf7 22. e5 dxe5 23. Nxe5 Nxe5 24. Rxe5 Rxf2 25. Qe3 Qg6 26. Bf1 Qf6 27. Bc4 Qg6 28. Bf1 Qf6 29. Bc4 Qg6 1/2-1/2


[Site "https://www.chess.com"]

[Event "Titled Tuesday Blitz March 15 Early 2022"]
[White "Agrest, Evgenij"]
[Black "Mitusov, Semen"]
[WhiteFideId "1705024"]
[BlackFideId "14151049"]
[WhiteElo "2533"]
[BlackElo "2627"]
[Result "1-0"]
[Round "08"]
[TimeControl "180+1"]
[Date "2022.03.15"]
[WhiteClock "0:00:12"]
[BlackClock "0:00:02"]

1. Nf3 d5 2. e3 Nf6 3. c4 e6 4. b3 Bd6 5. Bb2 O-O 6. Nc3 a6 7. g4 Nc6 8. g5 Ne4 9. cxd5 Nxc3 10. dxc3 Ne5 11. Nxe5 Bxe5 12. f4 Bd6 13. Bg2 exd5 14. Qxd5 Re8 15. Kf2 Qe7 16. Rhe1 Bc5 17. c4 Bxe3+ 18. Kf1 Bg4 19. Qe5 Qxe5 20. Bxe5 Bb6 21. Bxb7 Rad8 22. Bc6 Rd2 23. Bg2 Bf5 24. Red1 Rf2+ 25. Kg1 f6 26. Bd4 Bxd4 27. Rxd4 Ree2 28. Bd5+ Kf8 29. Rad1 Rxh2 30. Bf3 Ref2 31. Bc6 fxg5 32. fxg5 h5 33. Re1 h4 34. Rd8+ Kf7 35. Be8+ Kf8 36. Bh5# 1-0


[Site "https://www.chess.com"]

[Event "Titled Tuesday Blitz March 15 Early 2022"]
[White "Andreikin, Dmitry"]
[Black "Beerdsen, Thomas"]
[WhiteFideId "4158814"]
[BlackFideId "1030108"]
[WhiteElo "2736"]
[BlackElo "2585"]
[Result "1-0"]
[Round "08"]
[TimeControl "180+1"]
[Date "2022.03.15"]
[WhiteClock "0:00:37"]
[BlackClock "0:00:12"]

1. e4 e5 2. Nf3 Nc6 3. Nc3 f5 4. d4 exd4 5. Nxd4 Nf6 6. Nxc6 bxc6 7. e5 Qe7 8. Bf4 Qb4 9. Qd2 Nh5 10. Bg5 h6 11. Be3 f4 12. Be2 fxe3 13. Bxh5+ Kd8 14. Qxe3 Bc5 15. Qg3 g5 16. O-O Rf8 17. Rad1 Ba6 18. e6 d5 19. Be2 Bxe2 20. Nxe2 Qxb2 21. Qh3 Qf6 22. c4 Rb8 23. cxd5 Rb2 24. dxc6+ Ke8 25. Qh5+ Ke7 26. Rd7+ Kxe6 27. Qg4+ Qf5 28. Nd4+ Bxd4 29. Qxd4 Qc2 30. Re1+ Kf5 31. g4+ Kg6 32. Rg7# 1-0


[Site "https://www.chess.com"]

[Event "Titled Tuesday Blitz March 15 Early 2022"]
[White "Avazkhonov, Alikhon"]
[Black "Slugin, Sergey"]
[WhiteFideId "14208504"]
[BlackFideId "4122569"]
[WhiteElo "1739"]
[BlackElo "2358"]
[Result "0-1"]
[Round "08"]
[TimeControl "180+1"]
[Date "2022.03.15"]
[WhiteClock "0:00:02"]
[BlackClock "0:02:19"]

1. c4 Nf6 2. Nc3 c5 3. g3 g6 4. Bg2 Bg7 5. e4 O-O 6. Nge2 Nc6 7. O-O d6 8. d3 Rb8 9. f4 a6 10. h3 Ne8 11. Be3 b5 12. Qd2 Nd4 13. Rac1 bxc4 14. dxc4 Nxe2+ 15. Qxe2 Nc7 16. b3 Ne6 17. Rfd1 Nd4 18. Qf2 h5 19. Rd2 e6 20. Rcd1 f5 21. e5 dxe5 22. fxe5 Bxe5 23. Na4 Qe7 24. Nxc5 Qxc5 25. Rxd4 Qc7 26. Bf4 Bxd4 27. Qxd4 Qb6 28. Bxb8 Qxb8 29. Qd6 Qa7+ 30. Kh2 h4 31. gxh4 f4 32. c5 f3 33. Bf1 Qf7 34. Bd3 f2 35. Qg3 Kh8 36. Bxg6 Qf6 37. Bd3 Rg8 38. Qe3 Bb7 39. Be4 Qe5+ 0-1


[Site "https://www.chess.com"]

[Event "Titled Tuesday Blitz March 15 Early 2022"]
[White "Bluebaum, Matthias"]
[Black "Rustemov, Alexander"]
[WhiteFideId "24651516"]
[BlackFideId "4119002"]
[WhiteElo "2550"]
[BlackElo "2770"]
[Result "1-0"]
[Round "08"]
[TimeControl "180+1"]
[Date "2022.03.15"]
[WhiteClock "0:00:33"]
[BlackClock "0:00:19"]

1. b3 d5 2. Bb2 Bf5 3. Nf3 Nf6 4. g3 e6 5. Bg2 h6 6. O-O Be7 7. d3 O-O 8. Nbd2 a5 9. a3 c5 10. Ne5 Nc6 11. e4 Bh7 12. Qe2 Qc7 13. exd5 exd5 14. Ng4 Nd4 15. Qd1 Rfe8 16. Bxd4 cxd4 17. Nxf6+ Bxf6 18. Bxd5 Rac8 19. Rc1 b5 20. a4 Qc5 21. Be4 bxa4 22. bxa4 Bg5 23. f4 f5 24. Bf3 Be7 25. Nc4 Bf8 26. Re1 g5 27. Qd2 g4 28. Bg2 Kg7 29. Rb1 Rxe1+ 30. Rxe1 Qb4 31. Qxb4 Bxb4 32. Re5 Bg8 33. Bd5 Bxd5 34. Rxd5 Kf6 35. Kf2 Bc3 36. Rxf5+ Kxf5 37. Nd6+ Ke6 38. Nxc8 Kd7 39. Nb6+ Kc6 40. Nc4 Kc5 41. f5 Kb4 42. Nb6 Kc5 43. Nd7+ Kb4 44. f6 Kxa4 45. Nc5+ 1-0


[Site "https://www.chess.com"]

[Event "Titled Tuesday Blitz March 15 Early 2022"]
[White "Bok, Benjamin"]
[Black "Donchenko, Alexander"]
[WhiteFideId "1017063"]
[BlackFideId "24603295"]
[WhiteElo "2658"]
[BlackElo "2539"]
[Result "1-0"]
[Round "08"]
[TimeControl "180+1"]
[Date "2022.03.15"]
[WhiteClock "0:00:16"]
[BlackClock "0:00:03"]

1. c4 c5 2. Nf3 Nf6 3. Nc3 g6 4. e4 Bg7 5. d4 O-O 6. Be2 Nc6 7. d5 Na5 8. e5 Ng4 9. Bf4 d6 10. exd6 exd6 11. h3 Nh6 12. O-O Nf5 13. Qd2 a6 14. Rfe1 Rb8 15. Bf1 Qc7 16. Ne4 Rd8 17. Bg5 Rf8 18. g4 Nd4 19. Nxd4 cxd4 20. Rac1 f5 21. Nxd6 fxg4 22. c5 b6 23. Re7 Bd7 24. Rxg7+ Kxg7 25. Qxd4+ Kg8 26. Bh6 Bb5 27. Nxb5 axb5 28. cxb6 Qf7 29. Bxf8 Rxf8 30. hxg4 Qf3 31. Rc7 Rf7 32. Rc8+ Rf8 33. Rxf8+ Kxf8 34. d6 Nb7 35. d7 Ke7 36. Bg2 Qf4 37. Qxf4 1-0


[Site "https://www.chess.com"]

[Event "Titled Tuesday Blitz March 15 Early 2022"]
[White "Bryakin, Mikhail"]
[Black "Riehle, Marco"]
[WhiteFideId "4165314"]
[BlackFideId "12904392"]
[WhiteElo "2417"]
[BlackElo "2462"]
[Result "0-1"]
[Round "08"]
[TimeControl "180+1"]
[Date "2022.03.15"]
[WhiteClock "0:00:17"]
[BlackClock "0:00:11"]

1. e4 e5 2. d4 exd4 3. Qxd4 Nc6 4. Qd3 Nf6 5. Nc3 Bb4 6. Bd2 O-O 7. O-O-O Re8 8. f3 a5 9. a3 Bf8 10. Bg5 Be7 11. Nge2 b5 12. Qxb5 Rb8 13. Qa4 h6 14. Bh4 Nh7 15. Bxe7 Qxe7 16. Nd4 Nxd4 17. Qxd4 Bb7 18. Bc4 Bc6 19. Rd2 d6 20. Rhd1 Nf6 21. Nd5 Bxd5 22. Bxd5 Rb6 23. b3 Nd7 24. a4 Nc5 25. Qc3 Reb8 26. Rd4 Qg5+ 27. Qd2 Qf6 28. f4 Rb4 29. Qe3 Kh8 30. g3 R4b6 31. Kd2 c6 32. Bc4 Rd8 33. Ke2 d5 34. e5 Qg6 35. Bd3 Qh5+ 36. Qf3 Qxh2+ 37. Qf2 Qh5+ 38. Qf3 Qh2+ 39. Qf2 Qxf2+ 40. Kxf2 Ne6 41. Ke3 c5 42. Rxd5 Rxd5 43. Rh1 Rd8 44. Bc4 Rb7 45. Rh2 Rbd7 46. f5 Ng5 47. Re2 Rd4 48. Bd3 R4d5 49. Kf4 Re8 50. g4 Rd4+ 51. Kg3 Red8 52. Re3 Kg8 53. Re2 Rxd3+ 54. cxd3 Rxd3+ 55. Kg2 Rxb3 56. Rc2 Rb4 57. Kg3 c4 58. Rd2 Rxa4 59. Rd8+ Kh7 60. Rc8 Rb4 61. Rc7 a4 62. Rc6 Rb3+ 63. Kg2 c3 64. e6 fxe6 65. fxe6 c2 66. e7 Re3 67. e8=Q Rxe8 68. Rxc2 Ra8 69. Ra2 a3 70. Kg3 Ne4+ 71. Kf4 Nc3 72. Ra1 a2 73. g5 hxg5+ 74. Kxg5 Rb8 75. Rg1 Kg8 76. Rh1 Rb1 77. Rh4 a1=Q 78. Rd4 Rg1+ 79. Kf5 Qb1+ 80. Ke6 Qb6+ 0-1


[Site "https://www.chess.com"]

[Event "Titled Tuesday Blitz March 15 Early 2022"]
[White "Buscar, Michael"]
[Black "De Souza, Cristiano Gomes"]
[WhiteFideId "2603616"]
[BlackFideId "2151758"]
[WhiteElo "2010"]
[BlackElo "2068"]
[Result "0-1"]
[Round "08"]
[TimeControl "180+1"]
[Date "2022.03.15"]
[WhiteClock "0:01:22"]
[BlackClock "0:02:05"]

1. d4 Nf6 2. Nf3 g6 3. g3 Bg7 4. Bg2 O-O 5. O-O d6 6. c4 Nc6 7. d5 Na5 8. Nbd2 c5 9. e4 a6 10. a4 Ng4 11. Ra3 Ne5 12. Qe2 Bd7 13. h3 Rb8 14. Nh2 b5 15. axb5 axb5 16. b3 bxc4 17. bxc4 Rb4 18. Rc3 Naxc4 19. Nxc4 Nxc4 20. Rxc4 Bb5 21. Ba3 Rxc4 22. Qa2 Ra4 23. Rb1 Qa5 24. Qb3 Bc4 0-1


[Site "https://www.chess.com"]

[Event "Titled Tuesday Blitz March 15 Early 2022"]
[White "Butti, Enrique"]
[Black "Borodavkin, Anatoly"]
[WhiteFideId "3700470"]
[BlackFideId "14150662"]
[WhiteElo "2080"]
[BlackElo "1845"]
[Result "0-1"]
[Round "08"]
[TimeControl "180+1"]
[Date "2022.03.15"]
[WhiteClock "0:01:38"]
[BlackClock "0:00:42"]

1. d4 d5 2. c4 Nc6 3. Nc3 dxc4 4. Nf3 Nf6 5. d5 Na5 6. Qa4+ c6 7. b4 b5 8. Qxa5 Qxa5 9. bxa5 Nxd5 10. Nxd5 cxd5 11. Ba3 e6 12. Bxf8 Rxf8 13. e3 Rb8 14. a3 f6 15. Rb1 a6 16. Be2 Rf7 17. Kd2 Rfb7 18. Rb4 Bd7 19. Kc3 Ke7 20. Nd2 Bc6 21. f3 e5 22. f4 Kd6 23. fxe5+ fxe5 24. Bf3 Rf8 25. Rb2 Rbf7 26. Rf1 Kc5 27. Nb1 e4 0-1


[Site "https://www.chess.com"]

[Event "Titled Tuesday Blitz March 15 Early 2022"]
[White "Cramling Bellon, Anna"]
[Black "Urazayev, Arystanbek"]
[WhiteFideId "32009232"]
[BlackFideId "13709810"]
[WhiteElo "1905"]
[BlackElo "2393"]
[Result "0-1"]
[Round "08"]
[TimeControl "180+1"]
[Date "2022.03.15"]
[WhiteClock "0:00:01"]
[BlackClock "0:00:51"]

1. d4 d5 2. c4 c6 3. Nf3 Nf6 4. Nc3 dxc4 5. a4 Bf5 6. Nh4 Bg4 7. f3 Bc8 8. e4 Nbd7 9. Bxc4 e6 10. g3 Bb4 11. Ng2 c5 12. d5 exd5 13. exd5 O-O 14. O-O Ne5 15. Qb3 Nxc4 16. Qxc4 Bxc3 17. Qxc3 Nxd5 18. Qxc5 b6 19. Qf2 Bb7 20. Be3 Nxe3 21. Nxe3 Qf6 22. Ng4 Qf5 23. Rac1 Rac8 24. Qe3 Rxc1 25. Qxc1 h5 26. Ne3 Qe6 27. Qc3 h4 28. Ng4 Rc8 29. Qd4 h3 30. Qd2 Qc4 31. Qg5 Qd4+ 32. Kh1 Bxf3+ 0-1


[Site "https://www.chess.com"]

[Event "Titled Tuesday Blitz March 15 Early 2022"]
[White "Csonka, Balazs"]
[Black "Srihari L R"]
[WhiteFideId "742910"]
[BlackFideId "46617116"]
[WhiteElo "2404"]
[BlackElo "2121"]
[Result "1/2-1/2"]
[Round "08"]
[TimeControl "180+1"]
[Date "2022.03.15"]
[WhiteClock "0:00:09"]
[BlackClock "0:00:33"]

1. d4 d5 2. Nf3 Nf6 3. Bf4 Bf5 4. e3 e6 5. c4 Bxb1 6. Qxb1 Bb4+ 7. Kd1 dxc4 8. Bxc4 O-O 9. Ke2 Bd6 10. Bg5 Nbd7 11. Rd1 h6 12. Bh4 Be7 13. Qc2 c6 14. Rac1 Nb6 15. Bb3 a5 16. Bxf6 Bxf6 17. a4 Nd5 18. Kf1 Nb4 19. Qe4 Qd6 20. g3 Rfd8 21. h4 Rac8 22. Kg2 b5 23. Bc2 Nxc2 24. Qxc2 Qd7 25. b3 Qb7 26. Qe4 Qb6 27. Ne1 bxa4 28. bxa4 Qb3 29. Nd3 Qxa4 30. Ra1 Qb5 31. Rdb1 Qd5 32. Qxd5 Rxd5 33. Ra4 Bd8 34. Rc1 Kf8 35. Rac4 Ke8 36. Rxc6 Rxc6 37. Rxc6 a4 38. Nc5 a3 39. Ra6 e5 40. Rxa3 exd4 41. exd4 Rxd4 42. Rd3 Rb4 43. Re3+ Be7 44. Ne4 Kf8 45. Re2 g6 46. Nd2 Rb2 47. Kf1 Bb4 48. Nf3 Rb1+ 49. Kg2 Kg7 50. Ne5 Bd6 51. Nf3 Rc1 52. Ne5 Ra1 53. Nf3 Ra5 54. Nh2 g5 55. hxg5 hxg5 56. Nf3 f6 57. Nh2 Kf7 58. Nf3 Ra7 59. Nd4 Be5 60. Nc6 Ra6 61. Nxe5+ fxe5 62. Rxe5 Kf6 63. Re2 g4 64. Re4 Kf5 65. Rf4+ Kg5 66. Re4 Kf5 67. Rf4+ Kg5 68. Re4 Kf5 1/2-1/2


[Site "https://www.chess.com"]

[Event "Titled Tuesday Blitz March 15 Early 2022"]
[White "Deac, Bogdan-Daniel"]
[Black "Babazada, Khazar"]
[WhiteFideId "1226380"]
[BlackFideId "13413554"]
[WhiteElo "2646"]
[BlackElo "2418"]
[Result "1/2-1/2"]
[Round "08"]
[TimeControl "180+1"]
[Date "2022.03.15"]
[WhiteClock "0:00:21"]
[BlackClock "0:00:31"]

1. d4 Nf6 2. Nf3 e6 3. c4 d5 4. g3 a6 5. Bg2 dxc4 6. O-O Ra7 7. a4 c6 8. a5 Bb4 9. Qa4 Be7 10. Nbd2 O-O 11. Nxc4 c5 12. Rd1 Bd7 13. Qb3 Bb5 14. Be3 Nd5 15. dxc5 Qc7 16. Nd6 Nc6 17. Nxb5 axb5 18. Qxb5 Rfa8 19. Bd2 Nxa5 20. e4 Nf6 21. b4 Nc6 22. Rxa7 Rxa7 23. Bf4 e5 24. Nxe5 Nxe5 25. Qb6 Qxb6 26. cxb6 Ra6 27. Bxe5 Rxb6 28. Bc3 Ne8 29. e5 Bxb4 30. Rb1 Bc5 31. Rxb6 Bxb6 32. Bxb7 Nc7 33. Kg2 Nb5 34. Bd2 h6 35. f4 Nd4 36. Bd5 g6 37. g4 Kg7 38. Bb4 Nc2 39. Bd2 Ne3+ 40. Bxe3 Bxe3 41. Kf3 Bd2 42. f5 f6 43. e6 Bb4 44. Ke4 g5 45. Kd4 Kf8 46. Kc4 Bd6 47. h3 Ke7 48. Kb5 Ba3 49. Kc6 Bd6 50. Bc4 Bf4 51. Bd3 Bd6 52. Be4 Bf4 53. Bf3 Bd6 54. Bd5 Bf4 55. Bb3 Bd6 56. Kd5 Be5 57. Ke4 Bd6 58. Kf3 Be5 59. Kg2 Bd6 60. h4 gxh4 61. Kh3 Bg3 62. Bc2 Bf2 63. Bd3 1/2-1/2


[Site "https://www.chess.com"]

[Event "Titled Tuesday Blitz March 15 Early 2022"]
[White "Demchenko, Anton"]
[Black "Nagy, Gabor"]
[WhiteFideId "4160258"]
[BlackFideId "737119"]
[WhiteElo "2539"]
[BlackElo "2534"]
[Result "1/2-1/2"]
[Round "08"]
[TimeControl "180+1"]
[Date "2022.03.15"]
[WhiteClock "0:00:34"]
[BlackClock "0:00:34"]

1. e4 e5 2. Nf3 Nc6 3. Bc4 Nf6 4. d3 Be7 5. O-O d6 6. a4 Bg4 7. c3 O-O 8. h3 Bh5 9. Nbd2 d5 10. exd5 Nxd5 11. Ne4 Kh8 12. Ng3 Bg6 13. a5 a6 14. Re1 f6 15. Qb3 Nf4 16. Bxf4 exf4 17. Ne2 Bd6 18. Ned4 Nxd4 19. Nxd4 f5 20. Qxb7 Rb8 21. Qxa6 Rxb2 22. Rab1 Rxb1 23. Rxb1 Qh4 24. Nf3 Qf6 25. d4 Bh5 26. Qb7 g5 27. a6 g4 28. a7 gxf3 29. a8=Q Rxa8 30. Qxa8+ Kg7 31. gxf3 Kh6 32. Bf1 c5 33. Rd1 cxd4 34. Rxd4 Be5 35. Rc4 Bg6 36. Rc6 Qe7 37. Qa6 Bg7 38. Qe2 Qd7 39. Rc4 Bf6 40. Qd3 Qg7 41. Bg2 Bg5 42. Rc6 Qe5 43. Qd4 Qe1+ 44. Kh2 Kh5 45. Rd6 Bh4 46. Qxf4 Bxf2 47. h4 Bxh4 48. Rd5 Bg5 49. Rxf5 Bxf5 50. Qxf5 Qxc3 51. Qxh7+ Bh6 52. Qf5+ Bg5 53. Qf7+ Kh6 54. Qe6+ Qf6 55. Qxf6+ Bxf6 56. Kg3 Kg5 57. f4+ Kf5 58. Kf3 Kg6 59. Bh3 Kg7 60. Kg4 Bd8 61. f5 Kf6 62. Kf3 Be7 63. Ke4 Bd6 64. Kd5 Bf8 65. Kc6 Bh6 66. Kd7 Bg5 67. Ke8 Bh4 68. Kf8 Bg5 69. Kg8 Bh4 70. Kh7 Be1 71. Kh6 Bc3 72. Kh5 Be5 73. Kg4 Ba1 74. Kf3 Bb2 75. Bg4 Ba1 76. Bh5 Bb2 77. Bg6 Ba1 78. Ke4 Bb2 79. Kd3 Ba1 80. Kc4 Be5 81. Kd5 Bh2 82. Kc4 Bg3 83. Kd3 Bb8 84. Ke3 Bc7 85. Ke4 Bd8 86. Kd5 Be7 87. Kc6 Bf8 88. Kd7 Bg7 89. Ke8 Bh6 90. Kd7 Bg7 91. Kc6 Bh6 92. Kd5 Bg7 93. Ke4 Bf8 94. Bf7 Kxf7 95. f6 Be7 96. Kd4 Ke6 97. Kc4 Kf7 98. Kb3 Ke6 99. Kc2 Bxf6 1/2-1/2


[Site "https://www.chess.com"]